 Dungeon Sprint DCSS version 0.28-a0-224-g76b539d98b (webtiles) character file.

Game seed: 8600137946527804516

173695 MikeHunt the Evocator (level 18, -1/168 HPs)
             Began as a Formicid Gladiator on Aug 21, 2021.
             Was the Champion of Okawaru.
             Slain by Antaeus (13 damage)
             ... in the Dungeon (Sprint VII: "The Pits").
             The game lasted 01:05:19 (11005 turns).

MikeHunt the Evocator (Formicid Gladiator)         Turns: 11005, Time: 01:05:19

Health: -1/168     AC: 48    Str: 25    XL:     18   Next: 70%
Magic:  24/29      EV: 19    Int:  8    God:    Okawaru [******]
Gold:   85         SH: 25    Dex: 18    Spells: 17/17 levels left

rFire   + + +      SeeInvis +   b - +1 lajatang of Superiority {god gift, holy, rF+ rC+ rCorr Stlth+}
rCold   + + .      Faith    .   G - +0 tower shield {AC+3} {god gift}
rNeg    . . .      Spirit   .   u - +2 crystal plate armour
rPois   +          Reflect  .   (helmet unavailable)
rElec   +          Harm     .   p - +2 cloak
rCorr   +          Rampage  .   L - +2 pair of gloves {Dex+3}
Will    +....                   E - +2 pair of boots {Stlth+}
Stlth   ++........              j - amulet of Cheibriados's Grace {rElec Regen+}
HPRegen 1.38/turn               o - ring of Muttomer {Contam rPois rF+ Str+4 Slay+5}
MPRegen 0.21/turn               Q - ring of Cieps {rF+ rC+ Int-3 Slay+5}

@: heroic, finesse-ful, frozen, studying Long Blades, very slow
A: permanent stasis, dig shafts and tunnels, antennae 3, four strong arms
a: Dig, Renounce Religion, Heroism, Finesse, Duel


You were in the Dungeon.
You worshipped Okawaru.
Okawaru was exalted by your worship.
You visited 1 branch You collected 85 gold pieces.

Inventory:

Hand Weapons
 a - the +7 lajatang of Order {silver, rMut}
   (You took it off a yaktaur in the Dungeon)

   It inflicts extra damage upon those it strikes, and deals substantially
   increased damage to chaotic, mutated and magically transformed beings.
   rMut:      It protects you from mutation.
 b - the +1 lajatang of Superiority (weapon) {god gift, holy, rF+ rC+ rCorr Stlth+}
   (Okawaru gifted it to you in the Dungeon)

   It has been blessed by the Shining One to cause great damage to the undead
   and demons.
   rF:        It protects you from fire.
   rC:        It protects you from cold.
   rCorr:     It protects you from acid and corrosion.
   Stlth:     It makes you more stealthy.
 s - a +3 demon trident of draining {god gift}
 w - the +8 whip "Snakebite" {venom, curare, rPois}
   (You found it in the Dungeon)

   It poisons the flesh of those it strikes.
   It occasionally inflicts asphyxiating poison on those it strikes, dealing
   poison damage and causing slowness.
   rPois:     It protects you from poison.
 J - a +3 lajatang
Missiles
 q - 4 atropa-tipped darts {god gift}
 A - 14 javelins {god gift}
 B - 13 silver javelins {god gift}
 C - 12 poisoned darts
 O - 4 boomerangs {god gift}
Armour
 p - a +2 cloak (worn)
 t - a +3 chain mail of cold resistance {god gift}
 u - a +2 crystal plate armour (worn)
 E - a +2 pair of boots of stealth (worn)
 G - a +0 tower shield of protection (worn) {god gift}
 L - a +2 pair of gloves of dexterity (worn)
 M - +4 fire dragon scales
 N - +4 ice dragon scales
Jewellery
 c - the ring of Wipyqiqy {Ice rElec Str+6 Int-2}
   (You found it in the Dungeon)

   [ring of ice]

   It enhances your ice magic.
   Str:       It affects your strength (+6).
   Int:       It affects your intelligence (-2).
   rF:        It makes you vulnerable to fire.
   rC:        It protects you from cold.
   rElec:     It insulates you from electricity.
 j - the amulet of Cheibriados's Grace (around neck) {rElec Regen+}
   (You found it in the Dungeon)

   [amulet of regeneration]

   rElec:     It insulates you from electricity.
   Regen:     It increases your rate of health regeneration.
 l - the amulet "Giwnah" {Reflect rF++ MP+9 SH+5}
   (You found it in the Dungeon)

   [amulet of reflection]

   It reflects blocked missile attacks.
   rF:        It greatly protects you from fire.
   MP:        It affects your magic capacity (+9).
   SH:        It affects your SH (+5).
 m - the ring of Mirth {rN++ Int+2 Slay+5}
   (You found it in the Dungeon)

   [ring of slaying]

   Int:       It affects your intelligence (+2).
   Slay:      It affects your accuracy & damage with ranged weapons and melee
   (+5).
   rN:        It greatly protects you from negative energy.
 o - the ring of Muttomer (left hand) {Contam rPois rF+ Str+4 Slay+5}
   (You found it in the Dungeon)

   [ring of protection from fire]

   Str:       It affects your strength (+4).
   Slay:      It affects your accuracy & damage with ranged weapons and melee
   (+5).
   rF:        It protects you from fire.
   rPois:     It protects you from poison.
   Contam:    It causes magical contamination when unequipped.
 r - a ring of magical power
 z - the ring "Feriergh" {Wiz rN+++ Will- rCorr Dex-3}
   (You found it in the Dungeon)

   [ring of wizardry]

   It improves your spell success rate.
   Dex:       It affects your dexterity (-3).
   rN:        It renders you almost immune to negative energy.
   rCorr:     It protects you from acid and corrosion.
   Will:      It decreases your willpower.
 K - the ring of the Invisible Hand {*Slow rF+ rCorr EV+6 Str+2}
   (You found it in the Dungeon)

   [ring of evasion]

   EV:        It affects your evasion (+6).
   Str:       It affects your strength (+2).
   rF:        It protects you from fire.
   rCorr:     It protects you from acid and corrosion.
   *Slow:     It may slow you when you take damage.
 P - the amulet "Dunoubei" {Rampage rPois Regen+ Str-3}
   (You found it in the Dungeon)

   [amulet of regeneration]

   Str:       It affects your strength (-3).
   rPois:     It protects you from poison.
   Regen:     It increases your rate of health regeneration.
   Rampage:   It bestows one free step when moving towards enemies.
 Q - the ring of Cieps (right hand) {rF+ rC+ Int-3 Slay+5}
   (You found it in the Dungeon)

   [ring of slaying]

   Int:       It affects your intelligence (-3).
   Slay:      It affects your accuracy & damage with ranged weapons and melee
   (+5).
   rF:        It protects you from fire.
   rC:        It protects you from cold.
Wands
 h - a wand of polymorph (10)
Scrolls
 v - a scroll of fear
 x - 2 scrolls of fog
 y - 4 scrolls of enchant weapon
Potions
 d - 12 potions of curing
 e - 3 potions of heal wounds
 f - 9 potions of magic
 g - a potion of ambrosia {unknown}
 k - 2 potions of mutation
 n - a potion of might
Miscellaneous
 i - a piece from Xom's chessboard (15/15)
 D - a phial of floods
 H - a lightning rod (4/4) (quivered)


   Skills:
 - Level 22.0(27) Fighting
 + Level 21.0(26.0) Staves
 + Level 20.0(25.0) Throwing
 - Level 22.0(27) Armour
 + Level 20.0(25.0) Dodging
 - Level 11.9(16.9) Stealth
 + Level 19.6(24.6) Shields
 - Level 15.0 Invocations
 + Level 23.5 Evocations


You had 17 spell levels left.
You didn't know any spells.
Your spell library contained the following spells:

 Spells                   Type           Power      Damage    Failure   Level
 Magic Dart               Conj           0%         1d3       97%         1
 Ensorcelled Hibernation  Hex/Ice        0%         N/A       99%         2
 Slow                     Hex            0%         N/A       99%         2
 Static Discharge         Conj/Air       0%         N/A       99%         2
 Confusing Touch          Hex            0%         N/A       100%        3
 Frozen Ramparts          Ice            0%         1d2       100%        3
 Gell's Gravitas          Tloc           0%         N/A       100%        3
 Inner Flame              Hex/Fire       0%         N/A       100%        3
 Lesser Beckoning         Tloc           0%         N/A       100%        3
 Mephitic Cloud           Conj/Pois/Air  0%         N/A       100%        3
 Spider Form              Tmut/Pois      0%         N/A       100%        3
 Teleport Other           Tloc           0%         N/A       100%        3
 Vampiric Draining        Necr           0%         2d6       100%        3
 Cause Fear               Hex            0%         N/A       100%        4
 Ice Form                 Ice/Tmut       0%         N/A       100%        4
 Sticky Flame             Conj/Fire      0%         2d3       100%        4
 Borgnjor's Vile Clutch   Necr/Erth      0%         N/A       100%        5
 Iskenderun's Battlesphe  Conj           0%         2d6       100%        5
 Lightning Bolt           Conj/Air       0%         1d11      100%        5
 Manifold Assault         Tloc           0%         N/A       100%        5
 Dispersal                Tloc           0%         N/A       100%        6
 Iron Shot                Conj/Erth      0%         9d1       100%        6
 Dragon Form              Tmut           0%         N/A       100%        7
 Storm Form               Tmut/Air       0%         N/A       100%        7
 Discord                  Hex            0%         N/A       100%        8
 Disjunction              Tloc           0%         N/A       100%        8
 Maxwell's Capacitive Co  Air            0%         ∞         100%        8
 Fire Storm               Conj/Fire      0%         5d1       100%        9
 Blink                    Tloc           Unusable   N/A       N/A         2
 Call Imp                 Summ           Unusable   N/A       N/A         2
 Animate Dead             Necr           Unusable   N/A       N/A         4
 Summon Ice Beast         Ice/Summ       Unusable   N/A       N/A         4
 Death Channel            Necr           Unusable   N/A       N/A         6
 Shadow Creatures         Summ           Unusable   N/A       N/A         6
 Malign Gateway           Summ/Tloc      Unusable   N/A       N/A         7
 Spellforged Servitor     Conj/Summ      Unusable   N/A       N/A         7
 Dragon's Call            Summ           Unusable   N/A       N/A         9

Dungeon Overview and Level Annotations

Branches:
Dungeon (1/1)

Altars:
Ashenzari
Cheibriados
Dithmenos
Elyvilon
Fedhas
Gozag
Hepliaklqana
Kikubaaqudgha
Makhleb
Nemelex Xobeh
Okawaru
Qazlal
Ru
Sif Muna
Trog
Uskayaw
Vehumet
Wu Jian
Xom
Yredelemnul
Zin
The Shining One
Beogh
Jiyva
Lugonu

Annotations:
D Antaeus


Innate Abilities, Weirdness & Mutations

You cannot be hasted, slowed, berserked, paralysed or teleported.
You can dig through walls and to a lower floor.
You have a pair of large antennae on your head. (SInv)
Your four strong arms can wield two-handed weapons with a shield.


Message History

You block Antaeus's attack.
You feel much better.
Antaeus sneers, "Back with thee, thou loggerheaded fool-headed slime mould!"
You block Antaeus's attack. Antaeus hits you!
* * * LOW HITPOINT WARNING * * *
Antaeus freezes you! You resist.
* * * LOW HITPOINT WARNING * * *
You feel much better.
Your hands slow down.
Antaeus hits you but does no damage. x2
You can now deal lightning-fast blows.
The ice encasing you melts away. Antaeus gestures at you.
The flash freeze hits you. You partially resist.
* * * LOW HITPOINT WARNING * * *
You are encased in ice.
You hit Antaeus but do no damage.
Antaeus is heavily wounded.
Press: ? - help, v - describe, . - travel
Here: Antaeus (heavily wounded)
An open door, spattered with blood.
Unknown command.
Okay, then.
Unknown command.
Unknown command.
You slice Antaeus like a ripe choko!!!
Antaeus convulses!!
Antaeus is heavily wounded.
You chop Antaeus into pieces!!!
Antaeus convulses!!!
Antaeus is severely wounded.
Antaeus drinks a potion.
Antaeus is healed!
You hit Antaeus but do no damage.
Antaeus is severely wounded.
You slash Antaeus!
Antaeus convulses.
Antaeus is severely wounded.
You slash Antaeus!
Antaeus convulses!
Antaeus is severely wounded.
Antaeus hits you!!!
* * * LOW HITPOINT WARNING * * *
Antaeus freezes you! You resist.
You die...

{ { {
{ #+#
{ #.#
{ #C#
{ #@#
#'#
##.##
#...#
{
+...#
##)##
#'#


{{{{ #)# {{{{ #'# You could see Antaeus.

Vanquished Creatures
  2 orbs of fire (D)
  A royal mummy (D)
  Xtahua (D)
  2 liches (D)
  A Hell Sentinel (D)
  A titan (D)
  2 deep elf master archers (D)
  Rupert (D)
  A deep elf blademaster (D)
  A death cob (D)
  Frances (D)
  2 storm dragons (D)
  3 nagarajas (D)
  6 deep elf sorcerers (D)
  4 orc warlords (D)
  A draconian knight (D)
  2 fire giants (D)
  A balrug (D)
  2 draconian shifters (D)
  An emperor scorpion (D)
  2 draconian scorchers (D)
  An iron dragon (D)
  4 draconian stormcallers (D)
  3 ghouls (D)
  A spriggan defender (D)
  4 angels (D)
  2 deep elf demonologists (D)
  4 black draconians (D)
  A lorocyproca (D)
  A dire elephant (D)
  5 green draconians (D)
  2 white draconians (D)
  5 red draconians (D)
  2 deep elf annihilators (D)
  3 blizzard demons (D)
  4 fire dragons (D)
  6 yaktaur captains (D)
  2 great orbs of eyes (D)
  2 ice dragons (D)
  4 naga warriors (D)
  A catoblepas (D)
  4 vault guards (D)
  An ogre mage (D)
  A hell beast (D)
  An alligator snapping turtle (D)
  A two-headed ogre (D)
  A dancing weapon (D)
  2 deep elf knights (D)
  A sun demon (D)
  A shock serpent (shapeshifter) (D)
  5 hell knights (D)
  An iron troll (D)
  A shadow wraith (D)
  A sixfirhy (D)
  3 cherubim (D)
  A glowing orange brain (shapeshifter) (D)
  4 swamp dragons (D)
  2 spriggan druids (D)
  A flayed ghost (D)
  A wizard (D)
  A phantasmal warrior (D)
  2 bog bodies (D)
  A necromancer (D)
  20 orc knights (D)
  5 harpies (D)
  A deep elf zephyrmancer (D)
  An ugly thing (D)
  A faun (shapeshifter) (D)
  An orc sorcerer (D)
  2 wolf spiders (D)
  A cyclops (D)
  Maurice (D)
  3 naga magi (D)
  2 eyes of devastation (D)
  6 rust devils (D)
  A black mamba (D)
  A smoke demon (D)
  A cane toad (D)
  An unseen horror (D)
  Psyche (D)
  12 yaktaurs (D)
  5 ice devils (D)
  2 freezing wraiths (D)
  2 guardian mummies (D)
  A komodo dragon (D)
  A wandering mushroom (D)
  2 demonic crawlers (D)
  A troll (D)
  2 jumping spiders (D)
  A merfolk (shapeshifter) (D)
  2 wind drakes (D)
  4 polar bears (D)
  A hornet (shapeshifter) (D)
  13 dream sheep (D)
  A snapping turtle (D)
  5 redbacks (D)
  A flying skull (D)
  A tarantella (D)
  3 vampires (D)
  4 spriggans (D)
  A ynoxinul (D)
  A fire elemental (D)
  2 wyverns (D)
  12 yaks (D)
  A chaos spawn (D)
  A steam dragon (D)
  2 neqoxecs (D)
  3 vampire mosquitoes (D)
  11 hell hounds (D)
  3 necrophages (D)
  An ogre (D)
  A wolf (D)
  A phantom (D)
  A gnoll sergeant (D)
  A kobold brigand (D)
  An earth elemental (D)
  2 scorpions (D)
  2 crimson imps (D)
  A hound (D)
  An iron imp (D)
  Jessica (D)
  An iguana (D)
  4 gnolls (D)
  An adder (D)
  An ufetubus (D)
  An adder skeleton (D)
  An orc (D)
  A bat (D)
  2 bat simulacra (D)
  A bat zombie (D)
  A giant cockroach (D)
  A goblin (D)
  3 jackals (D)
  4 quokkas (D)
  A ball python (D)
  A ball python skeleton (D)
  2 rats (D)
321 creatures vanquished.

Vanquished Creatures (collateral kills)
  A naga mage (D)
1 creature vanquished.

Vanquished Creatures (others)
  A deep elf sorcerer (D)
  A wizard (D)
2 creatures vanquished.

Grand Total: 324 creatures vanquished

Notes
Turn   | Place    | Note
-------+----------+-------------------------------------------
     0 | D        | MikeHunt the Formicid Gladiator began the quest for the
                  | Orb.
     0 | D        | Reached XP level 1. HP: 16/16 MP: 1/1
    15 | D        | Found a bloodstained altar of Trog.
    15 | D        | Found a shimmering blue altar of Sif Muna.
    15 | D        | Found a viscous altar of Jiyva.
    15 | D        | Found a hazy altar of Hepliaklqana.
    15 | D        | Found an opulent altar of Gozag.
    16 | D        | Found a glowing golden altar of the Shining One.
    16 | D        | Found a glowing silver altar of Zin.
    16 | D        | Found a basalt altar of Yredelemnul.
    16 | D        | Found a shimmering altar of Xom.
    16 | D        | Found an ornate altar of the Wu Jian Council.
    16 | D        | Found a sacrificial altar of Ru.
    16 | D        | Found a stormy altar of Qazlal.
    16 | D        | Found an iron altar of Okawaru.
    16 | D        | Found a sparkling altar of Nemelex Xobeh.
    16 | D        | Found a burning altar of Makhleb.
    16 | D        | Found a blossoming altar of Fedhas.
    16 | D        | Found a white marble altar of Elyvilon.
    16 | D        | Found a shadowy altar of Dithmenos.
    16 | D        | Found a snail-covered altar of Cheibriados.
    17 | D        | Found a radiant altar of Vehumet.
    17 | D        | Found a corrupted altar of Lugonu.
    18 | D        | Found a hide-covered altar of Uskayaw.
    18 | D        | Found an ancient bone altar of Kikubaaqudgha.
    18 | D        | Found a broken altar of Ashenzari.
    22 | D        | Became a worshipper of Warmaster Okawaru
    38 | D        | Reached XP level 2. HP: 19/22 MP: 2/2
    89 | D        | Reached skill level 5 in Staves
    96 | D        | Noticed a scorpion
   108 | D        | Killed a scorpion
   109 | D        | Reached XP level 3. HP: 27/27 MP: 3/3
   109 | D        | Reached XP level 4. HP: 33/33 MP: 4/4
   128 | D        | Noticed a kobold brigand
   131 | D        | Killed a kobold brigand
   132 | D        | Reached skill level 10 in Staves
   132 | D        | Reached XP level 5. HP: 29/38 MP: 5/5
   290 | D        | Noticed Jessica
   320 | D        | Reached * piety under Okawaru
   321 | D        | Reached XP level 6. HP: 33/48 MP: 6/6
   348 | D        | Killed Jessica
   349 | D        | Reached skill level 5 in Fighting
   483 | D        | Reached XP level 7. HP: 55/56 MP: 9/9
   509 | D        | Noticed a flying skull
   518 | D        | Killed a flying skull
   588 | D        | Reached ** piety under Okawaru
   606 | D        | Noticed a hell hound
   606 | D        | Noticed a hell hound
   606 | D        | Noticed a hell hound
   606 | D        | Noticed a redback
   619 | D        | Killed a hell hound
   620 | D        | Reached skill level 5 in Armour
   620 | D        | Reached skill level 5 in Dodging
   620 | D        | Reached XP level 8. HP: 37/64 MP: 7/11
   630 | D        | Killed a redback
   631 | D        | Reached skill level 5 in Invocations
   828 | D        | Noticed a yak
   847 | D        | Killed a yak
   849 | D        | Noticed a yak
   849 | D        | Noticed a yak
   850 | D        | Noticed a yak
   850 | D        | Noticed a yak
   862 | D        | Killed a yak
   862 | D        | Reached *** piety under Okawaru
   863 | D        | Reached XP level 9. HP: 73/73 MP: 12/12
  1040 | D        | Noticed a black mamba
  1056 | D        | Killed a black mamba
  1056 | D        | Reached **** piety under Okawaru
  1362 | D        | Noticed an orc sorcerer
  1363 | D        | Noticed Maurice
  1385 | D        | Killed an orc sorcerer
  1396 | D        | Killed Maurice
  1397 | D        | Reached skill level 10 in Fighting
  1397 | D        | Reached XP level 10. HP: 40/85 MP: 11/13
  1590 | D        | Noticed a flayed ghost
  1621 | D        | Killed a flayed ghost
  1621 | D        | Received a gift from Okawaru
  1622 | D        | Reached skill level 10 in Armour
  1641 | D        | Noticed Psyche
  1663 | D        | Killed Psyche
  1663 | D        | Received a gift from Okawaru
  1709 | D        | Reached ***** piety under Okawaru
  1747 | D        | Noticed a phantasmal warrior
  1758 | D        | Killed a phantasmal warrior
  1778 | D        | Reached XP level 11. HP: 79/93 MP: 15/17
  1779 | D        | Received a gift from Okawaru
  1780 | D        | Reached skill level 10 in Dodging
  1802 | D        | Reached skill level 5 in Throwing
  1910 | D        | Received a gift from Okawaru
  2082 | D        | Noticed a deep elf zephyrmancer
  2089 | D        | Killed a deep elf zephyrmancer
  2225 | D        | Noticed a cyclops
  2238 | D        | Killed a cyclops
  2239 | D        | Reached skill level 10 in Invocations
  2242 | D        | Noticed a two-headed ogre
  2289 | D        | Killed a two-headed ogre
  2289 | D        | Received a gift from Okawaru
  2312 | D        | Received a gift from Okawaru
  2501 | D        | Noticed a bog body
  2518 | D        | Killed a bog body
  2519 | D        | Reached XP level 12. HP: 59/105 MP: 19/19
  2707 | D        | Noticed a shock serpent
  2707 | D        | a merfolk changed into a shock serpent
  2713 | D        | Reached skill level 1 in Evocations
  2721 | D        | Killed a shock serpent
  2722 | D        | Reached skill level 2 in Evocations
  2996 | D        | Noticed a swamp dragon
  3011 | D        | Killed a swamp dragon
  3012 | D        | Reached skill level 3 in Evocations
  3264 | D        | Noticed a balrug
  3264 | D        | Noticed a nagaraja
  3271 | D        | Noticed a sixfirhy
  3298 | D        | Killed a sixfirhy
  3328 | D        | Killed a nagaraja
  3329 | D        | Reached skill level 5 in Evocations
  3337 | D        | Noticed a death cob
  3348 | D        | Noticed a shadow wraith
  3355 | D        | Killed a shadow wraith
  3356 | D        | Reached skill level 10 in Throwing
  3358 | D        | Killed a death cob
  3358 | D        | Received a gift from Okawaru
  3359 | D        | Reached skill level 6 in Evocations
  3380 | D        | Killed a balrug
  3380 | D        | Received a gift from Okawaru
  3381 | D        | Reached skill level 7 in Evocations
  3381 | D        | Reached XP level 13. HP: 47/114 MP: 17/20
  3595 | D        | Reached skill level 15 in Fighting
  3615 | D        | Noticed a fire dragon
  3628 | D        | Killed a fire dragon
  3628 | D        | Received a gift from Okawaru
  3629 | D        | Reached skill level 15 in Armour
  3662 | D        | Reached skill level 8 in Evocations
  4136 | D        | Noticed an angel
  4136 | D        | Noticed a deep elf sorcerer
  4141 | D        | Identified the ring of Lies {Will+ Dex+5}
  4141 | D        | Noticed an angel
  4154 | D        | Killed a deep elf sorcerer
  4154 | D        | Received a gift from Okawaru
  4164 | D        | Reached skill level 9 in Evocations
  4164 | D        | Killed an angel
  4170 | D        | Received a gift from Okawaru
  4202 | D        | Killed an angel
  4494 | D        | Noticed a yaktaur captain
  4500 | D        | Reached skill level 10 in Shields
  4515 | D        | Noticed an orc warlord
  4520 | D        | Killed a yaktaur captain
  4525 | D        | Noticed a vault guard
  4541 | D        | Killed a vault guard
  4542 | D        | Reached skill level 10 in Evocations
  4543 | D        | Killed an orc warlord
  4593 | D        | Noticed a yaktaur captain
  4620 | D        | Killed a yaktaur captain
  4652 | D        | Noticed a blizzard demon
  4662 | D        | Killed a blizzard demon
  4662 | D        | Noticed a vault guard
  4663 | D        | Reached skill level 15 in Shields
  4663 | D        | Reached XP level 14. HP: 91/125 MP: 19/21
  4672 | D        | Reached skill level 11 in Evocations
  4675 | D        | Noticed an orc warlord
  4677 | D        | Reached ****** piety under Okawaru
  4677 | D        | Received a gift from Okawaru
  4678 | D        | Reached skill level 12 in Evocations
  4681 | D        | Killed an orc warlord
  4698 | D        | Reached skill level 13 in Evocations
  4713 | D        | Received a gift from Okawaru
  5109 | D        | Reached skill level 14 in Evocations
  5174 | D        | Found the +8 whip "Snakebite" {venom, curare, rPois}
  5233 | D        | Got the +3 buckler of the Desolation of Salt {rC+ rN+ Dex-3
                  | Stlth+}
  5316 | D        | Reached skill level 15 in Invocations
  5427 | D        | Received a gift from Okawaru
  5428 | D        | Reached skill level 15 in Evocations
  5456 | D        | Received a gift from Okawaru
  5495 | D        | Received a gift from Okawaru
  5518 | D        | Noticed a red draconian
  5545 | D        | Killed a red draconian
  5560 | D        | Noticed a spriggan defender
  5560 | D        | Noticed Xtahua
  5588 | D        | Killed a spriggan defender
  5608 | D        | Killed Xtahua
  5608 | D        | Received a gift from Okawaru
  5608 | D        | Noticed Rupert
  5609 | D        | Reached skill level 15 in Staves
  5609 | D        | Reached XP level 15. HP: 76/134 MP: 22/26
  5614 | D        | Killed Rupert
  5614 | D        | Identified the +1 lajatang of Superiority {god gift, holy,
                  | rF+ rC+ rCorr Stlth+} (Okawaru gifted it to you in the
                  | Dungeon)
  5614 | D        | Received a gift from Okawaru
  5618 | D        | Noticed Frances
  5620 | D        | Reached skill level 15 in Dodging
  5638 | D        | Killed Frances
  6224 | D        | Noticed a yellow draconian knight
  6243 | D        | Noticed a nagaraja
  6258 | D        | Killed a nagaraja
  6263 | D        | Killed a yellow draconian knight
  6263 | D        | Identified the +3 chain mail of the Eagle {god gift, rPois
                  | rN+ rCorr MP-9} (Okawaru gifted it to you in the Dungeon)
  6263 | D        | Received a gift from Okawaru
  7001 | D        | Reached skill level 15 in Throwing
  7094 | D        | Noticed a nagaraja
  7114 | D        | Killed a nagaraja
  7475 | D        | Noticed a lich
  7486 | D        | Killed a lich
  7671 | D        | Noticed a ghoul
  7672 | D        | Noticed a ghoul
  7681 | D        | Reached skill level 5 in Stealth
  7681 | D        | Reached XP level 16. HP: 123/145 MP: 27/27
  7795 | D        | Noticed an iron dragon
  7795 | D        | Noticed a deep elf sorcerer
  7797 | D        | Noticed a deep elf blademaster
  7825 | D        | Killed a deep elf blademaster
  7833 | D        | Received a gift from Okawaru
  7843 | D        | Killed an iron dragon
  7873 | D        | Killed a deep elf sorcerer
  8336 | D        | Noticed a fire giant
  8342 | D        | Killed a fire giant
  8635 | D        | Noticed a deep elf sorcerer
  8647 | D        | Killed a deep elf sorcerer
  8648 | D        | Reached skill level 10 in Stealth
  8904 | D        | Noticed a deep elf sorcerer
  8913 | D        | Killed a deep elf sorcerer
  9216 | D        | Noticed a fire giant
  9226 | D        | Noticed a deep elf sorcerer
  9230 | D        | Killed a fire giant
  9230 | D        | Received a gift from Okawaru
  9245 | D        | Killed a deep elf sorcerer
  9246 | D        | Reached skill level 16 in Evocations
  9255 | D        | Reached skill level 17 in Evocations
  9255 | D        | Reached XP level 17. HP: 60/155 MP: 24/28
  9464 | D        | Reached skill level 18 in Evocations
  9812 | D        | Reached skill level 19 in Evocations
  9827 | D        | Noticed a storm dragon
  9832 | D        | Killed a storm dragon
  9833 | D        | Reached skill level 20 in Evocations
 10122 | D        | Noticed a lich
 10125 | D        | Reached skill level 21 in Evocations
 10137 | D        | Killed a lich
 10137 | D        | Received a gift from Okawaru
 10138 | D        | Reached skill level 22 in Evocations
 10193 | D        | Got the Grimoire of Creation and the Arsonist
 10195 | D        | Got the Guide on Unstable Confrontation
 10229 | D        | Got the ring of Pessimism {*Corrode rPois AC+6 Int-2 Dex+8}
 10232 | D        | Got the ring of Muttomer {Contam rPois rF+ Str+4 Slay+5}
 10240 | D        | Got the ring "Febop" {rF- AC+6 Str+6}
 10243 | D        | Got the ring of Youthful Indiscretion {rN+ AC+6}
 10245 | D        | Got the ring of Makhleb's Approval {Fly Will- Int+6 Dex+4}
 10248 | D        | Got the ring "Ciochux" {rN+ Will+ Dex+5}
 10253 | D        | Got the ring of Wipyqiqy {Ice rElec Str+6 Int-2}
 10255 | D        | Got the ring "Vackesh" {+Blink EV+6 Str+4 Int+4}
 10257 | D        | Got the ring "Mavuowor" {rC+ rN+ MP-9 SInv}
 10259 | D        | Got the ring "Jurol" {rPois Int+4}
 10262 | D        | Got the ring "Xegeur" {rN+ Int+2 Dex+6}
 10266 | D        | Got the ring "Feriergh" {Wiz rN+++ Will- rCorr Dex-3}
 10271 | D        | Got the ring "Woxilu" {+Blink rElec rPois Str+2}
 10273 | D        | Got the ring of the Invisible Hand {*Slow rF+ rCorr EV+6
                  | Str+2}
 10288 | D        | Got the ring "Cagom" {Ice *Corrode Dex+3 Slay+4 Stlth+}
 10291 | D        | Got the amulet "Dunoubei" {Rampage rPois Regen+ Str-3}
 10293 | D        | Got the amulet "Edelom" {Spirit *Slow Dex+4 SInv}
 10296 | D        | Got the ring of Cieps {rF+ rC+ Int-3 Slay+5}
 10306 | D        | Got the ring "Donnas" {Fly Int+4 Slay+4}
 10309 | D        | Got the amulet of Cheibriados's Grace {rElec Regen+}
 10311 | D        | Got the amulet "Giwnah" {Reflect rF++ MP+9 SH+5}
 10313 | D        | Got the ring of Mirth {rN++ Int+2 Slay+5}
 10315 | D        | Got the ring of Creativity {rPois rC+ Str-5 Int+3}
 10318 | D        | Got the amulet of Elosenor {Spirit Harm rF- Str+9}
 10321 | D        | Got the ring "Diahozih" {rF+ rN+ Dex+4}
 10324 | D        | Got the ring "Xurutaz" {rPois rF+ Slay+5}
 10327 | D        | Got the amulet of Iryeteti {Spirit rF+ Dex+4 Stlth-}
 10329 | D        | Got the ring "Ahoo" {Will+ Str+2}
 10459 | D        | Received a gift from Okawaru
 10592 | D        | Received a gift from Okawaru
 10651 | D        | Found the +8 whip "Snakebite" {venom, curare, rPois}
 10787 | D        | Reached XP level 18. HP: 139/166 MP: 24/29
 10795 | D        | Got the ring of Lies {Will+ Dex+5}
 10848 | D        | Noticed a royal mummy
 10859 | D        | Killed a royal mummy
 10859 | D        | Identified the +3 quarterstaff of Anguish {god gift, venom,
                  | rPois rC+ Stlth-} (Okawaru gifted it to you in the Dungeon)
 10859 | D        | Received a gift from Okawaru
 10864 | D        | Noticed a deep elf master archer
 10875 | D        | Killed a deep elf master archer
 10878 | D        | Noticed a titan
 10883 | D        | Killed a titan
 10891 | D        | Noticed an orb of fire
 10895 | D        | Killed an orb of fire
 10907 | D        | Noticed a Hell Sentinel
 10907 | D        | Noticed an orb of fire
 10915 | D        | Killed an orb of fire
 10915 | D        | Received a gift from Okawaru
 10916 | D        | Reached skill level 23 in Evocations
 10924 | D        | Killed a Hell Sentinel
 10962 | D        | Noticed a deep elf master archer
 10970 | D        | Killed a deep elf master archer
 10972 | D        | Noticed Antaeus
 11005 | D        | Slain by Antaeus

Illustrated notes

Levels and vault maps discovered:
D:        pitsprint [storerooms_1, entrance_room_1, metal_vault_3, armoury_1,
          mini_pit_1, grid_room_1, main_hall_1, silver_pit, the_coven_1,
          the_vestibule_1, steel_vault_3, golden_pit, hallway_of_sentries,
          crystal_vault_2, iron_vault_3, final_vault]

Skill      XL: |  1  2  3  4  5  6  7  8  9 10 11 12 13 14 15 16 17 18 |
---------------+-------------------------------------------------------+-----
Staves         | 4 8 10 11 12 13 14 15 16 18 19 21 | 21.0
Fighting       | 3 5 6 7 10 11 13 14 16 17 18 20 21 22 | 22.0
Armour         | 2 4 5 7 9 11 13 14 15 16 18 20 21 22 | 22.0
Dodging        | 3 4 5 6 8 9 11 12 13 14 16 17 18 20 | 20.0
Invocations    | 3 4 5 8 10 15 | 15.0
Shields        | 3 9 15 17 19 | 19.6
Throwing       | 4 8 10 12 13 15 17 18 20 | 20.0
Evocations     | 7 10 15 17 22 23 | 23.5
Stealth        | 5 11 | 11.9

Action                   |  1- 3 |  4- 6 |  7- 9 | 10-12 | 13-15 | 16-18 || total
-------------------------+-------+-------+-------+-------+-------+-------++-------
Melee: Quarterstaff      |    13 |    53 |   109 |   289 |    18 |       ||   482
       Punch             |       |     1 |       |       |       |       ||     1
       Lajatang          |       |       |       |       |   442 |   325 ||   767
       Whip              |       |       |       |       |       |    54 ||    54
Throw: Throwing net      |     3 |     2 |     3 |     1 |       |       ||     9
       Dart              |       |       |     2 |       |    20 |    39 ||    61
       Javelin           |       |       |       |     9 |    64 |    47 ||   120
       Boomerang         |       |       |       |       |     6 |       ||     6
Invok: Heroism           |       |     2 |     2 |     8 |     9 |    11 ||    32
       Finesse           |       |       |       |     1 |     4 |     4 ||     9
Evoke: Wand              |       |       |       |     3 |     3 |       ||     6
       Lightning rod     |       |       |       |       |    37 |    40 ||    77
       Phial of floods   |       |       |       |       |     3 |       ||     3
  Use: Potion            |       |     2 |     3 |     2 |    12 |     7 ||    26
       Scroll            |       |       |       |       |     4 |       ||     4
 Stab: Held in net/web   |       |     2 |     1 |     1 |       |       ||     4
       Invisible         |       |       |       |       |     5 |     1 ||     6
       Distracted        |       |       |       |       |       |     1 ||     1
Armor: Leather armour    |     4 |       |       |       |       |       ||     4
       Chain mail        |       |    12 |    13 |       |       |       ||    25
       Plate armour      |       |       |     8 |    50 |   100 |       ||   158
       Crystal plate arm |       |       |       |       |    11 |   117 ||   128
Dodge: Dodged            |     4 |    18 |    19 |    58 |    90 |    96 ||   285
Block: Kite shield       |       |       |    28 |    84 |    51 |       ||   163
       Tower shield      |       |       |       |       |   232 |   298 ||   530

Table legend: (Time is in decaauts) A = Elapsed time spent in this place. B = Non-inter-level travel time spent in this place. C = Inter-level travel time spent in this place. D = Time resting spent in this place. E = Time spent auto-exploring this place. F = Levels seen in this place. G = Mean time per level. A B C D E F G +--------+--------+--------+--------+--------+-----+--------+ Total | 10312 | 10251 | 61 | 6179 | 0 | 1 | 10312.0 | Dungeon | 10312 | 10251 | 61 | 6179 | 0 | 1 | 10312.0 | +--------+--------+--------+--------+--------+-----+--------+

Top non-repeatable levels by time:
       D: 10312 daAuts
